 Dungeon Crawl Stone Soup version 0.30-a0-223-gcb0039aa0c (webtiles) character file.

Game seed: 16490331917172271977

6614 lorenzova the Thaumaturge (level 10, 0/50 HPs)
             Began as a Deep Elf Conjurer on Oct 9, 2022.
             Was a Believer of Vehumet.
             Shot with an arrow by a centaur (2 damage)
             ... on level 9 of the Dungeon.
             The game lasted 00:24:47 (14165 turns).

lorenzova the Thaumaturge (Deep Elf Conjurer)      Turns: 14165, Time: 00:24:48

Health: 0/50       AC:  7    Str:  4    XL:     10   Next: 72%
Magic:  13/37      EV: 12    Int: 28    God:    Vehumet [**....]
Gold:   643        SH:  0    Dex: 13    Spells: 18/33 levels left

rFire   . . .      SeeInvis .    j - +2 short sword (protect)
rCold   . . .      Faith    .    (no shield)
rNeg    . . .      Spirit   .    F - +0 steam dragon scales
rPois   .          Reflect  .    (no helmet)
rElec   .          Harm     .    (no cloak)
rCorr   .          Rampage  .    (no gloves)
Will    ++...                    g - +1 pair of boots
Stlth   ++........               a - amulet of regeneration
HPRegen 1.08/turn                C - ring of willpower
MPRegen 0.25/turn                u - ring of magical power

@: no status effects
A: no striking features
a: Renounce Religion


You were on level 9 of the Dungeon.
You worshipped Vehumet.
Vehumet was pleased with you.
You visited 2 branches of the dungeon, and saw 10 of its levels.
You also visited: Bailey.

You collected 769 gold pieces.
You spent 126 gold pieces at shops.

Inventory:

Hand Weapons
 j - a +2 short sword of protection (weapon)
Armour
 g - a +1 pair of boots (worn)
 y - a +2 helmet
 F - +0 steam dragon scales (worn)
Magical Staves
 B - a staff of earth
Jewellery
 a - an amulet of regeneration (around neck)
 k - a ring of ice
 s - a ring of resist corrosion
 u - a ring of magical power (right hand)
 C - a ring of willpower (left hand)
Wands
 f - a wand of flame (27)
 r - a wand of polymorph (7)
 t - a wand of digging (4)
 A - a wand of mindburst (23)
Scrolls
 c - 5 scrolls of teleportation
 d - a scroll of immolation
 p - 3 scrolls of enchant weapon
 w - a scroll of fear
 x - a scroll of magic mapping
 E - a scroll of vulnerability {unknown}
 G - 5 scrolls of enchant armour
 I - 2 scrolls of summoning
Potions
 b - 6 potions of magic
 e - 6 potions of heal wounds
 h - 4 potions of haste
 i - a potion of resistance {unknown}
 l - 3 potions of curing
 m - 3 potions of invisibility {unknown}
 n - 2 potions of lignification {unknown}
 o - 3 potions of flight
 q - a potion of brilliance {unknown}
 v - a potion of attraction {unknown}
 z - 3 potions of cancellation {unknown}
 D - a potion of berserk rage {unknown}
 H - a potion of mutation {unknown}


   Skills:
 - Level 2.4 Dodging
 - Level 2.4 Stealth
 * Level 12.2 Spellcasting
 * Level 11.0 Conjurations
 - Level 6.0 Hexes
 + Level 5.8 Translocations
 * Level 7.7 Fire Magic


You had 18 spell levels left.
You knew the following spells:

 Your Spells              Type           Power      Damage    Failure   Level
a - Magic Dart            Conj           100%       1d8       1%          1
b - Searing Ray           Conj           100%       2d8       1%          2
c - Iskenderun's Mystic   Conj/Tloc      59%        2d12      1%          4
d - Fulminant Prism       Conj/Hex       29%        3d14      1%          4
s - Sticky Flame          Conj/Fire      62%        2d8       1%          4

Your spell library contained the following spells:

 Spells                   Type           Power      Damage    Failure   Level
 Frozen Ramparts          Ice            34%        1d6       10%         3
 Dazzling Flash           Conj/Hex       100%       N/A       1%          3
 Gell's Gravitas          Tloc           49%        N/A       1%          3
 Stone Arrow              Conj/Erth      94%        3d12      1%          3
 Teleport Other           Tloc           49%        N/A       1%          3
 Beastly Appendage        Tmut           34%        N/A       3%          1
 Necrotise                Necr           68%        1d7       3%          1
 Sandblast                Erth           34%        2d9       3%          1
 Ignite Poison            Fire/Tmut/Pois 31%        N/A       3%          3
 Vhi's Electric Charge    Tloc/Air       66%        N/A       3%          3
 Passwall                 Tmut/Erth      14%        N/A       4%          2
 Wereblood                Tmut           17%        N/A       4%          2
 Spider Form              Tmut/Pois      17%        N/A       10%         3
 Arcjolt                  Conj/Air       23%        1d33      10%         5
 Summon Forest            Summ/Tloc      16%        N/A       26%         5
 Summon Mana Viper        Hex/Summ       33%        N/A       26%         5
 Yara's Violent Unravell  Hex/Tmut       16%        3d8       26%         5
 Dispersal                Tloc           24%        N/A       41%         6
 Alistair's Intoxication  Tmut/Pois      11%        N/A       65%         5
 Summon Cactus Giant      Summ           8%         N/A       99%         6
 Ignition                 Fire           28%        3d9       100%        8
 Maxwell's Capacitive Co  Air            8%         ∞         100%        8


Dungeon Overview and Level Annotations

Branches:
Dungeon (9/15)             Temple (1/1) D:4            Lair (0/5) D:9
 Bailey (visited)
    Orc: D:9-12

Altars:
Ashenzari
Dithmenos
Fedhas
Gozag
Kikubaaqudgha
Makhleb
Nemelex Xobeh
Okawaru
Qazlal
Ru
Sif Muna
Trog
Uskayaw
Vehumet
Wu Jian
Xom
Yredelemnul
Zin
The Shining One

Shops:
D:8 (   D:9 **


Message History

Confirm with . or Enter, or press ? or * to list all spells.
Aiming: Fulminant Prism (dangerous; 1% risk of failure)
Press: ? - help, Dir - move target You conjure a prism of explosive energy!
A fulminant prism comes into view.
The centaur shoots an arrow.
The arrow hits your fulminant prism!
Your fulminant prism detonates feebly.
Casting: Fulminant Prism (dangerous; 1% risk of failure)
Confirm with . or Enter, or press ? or * to list all spells.
Aiming: Fulminant Prism (dangerous; 1% risk of failure)
Press: ? - help, Dir - move target You conjure a prism of explosive energy!
A fulminant prism comes into view.
The centaur shoots an arrow.
The arrow hits your fulminant prism!
Unknown command.
Casting: Fulminant Prism (dangerous; 1% risk of failure)
Confirm with . or Enter, or press ? or * to list all spells.
Aiming: Magic Dart (safe; 1% risk of failure)
Press: ? - help, Shift-Dir - straight line, f - orc wizard
Aim: an orc wizard, wielding a +0 dagger, wearing a +0 robe and carrying a wand of flame (11) (100% to hit)
The magic dart hits the orc wizard.
The orc wizard is lightly wounded.
The centaur shoots an arrow.
The arrow hits your fulminant prism!
Your fulminant prism detonates feebly.
The centaur shoots an arrow.
The arrow hits you.
Casting: Magic Dart (safe; 1% risk of failure)
Confirm with . or Enter, or press ? or * to list all spells.
You don't know that spell.
The centaur shoots an arrow.
The arrow hits you.
Casting: Magic Dart (safe; 1% risk of failure)
Confirm with . or Enter, or press ? or * to list all spells.
You erupt in a blast of force!
The mystic blast hits the orc wizard.
The orc wizard is heavily wounded.
The orc wizard is knocked back by the mystic blast.
The centaur shoots an arrow.
The arrow hits you!
The orc wizard zaps a wand.
The puff of flame hits you.
* * * LOW HITPOINT WARNING * * *
The centaur shoots an arrow.
The arrow hits you!
* * * LOW HITPOINT WARNING * * *
You die...

.....#....#.....#
.....#....#.....###
.....'....#.......#
.....#....#......)#
.....#....#.......#
.....#....#.......#
##...#....#.......#
#...######.......#
#..........c...@<#
#................#
##..†<.........†..#
c.................#
##[..[............#
#..............o.#
#................#
#...o............#
#####.#####......#


You could see a centaur and an orc wizard.

Vanquished Creatures
  Pikel (D:4)
  An orc knight (Bailey)
  A tengu conjurer (D:9)
  2 hornets (D:9)
  A polar bear (D:8)
  A troll (D:9)
  Sigmund (D:2)
  A shadow (D:9)
  2 yaks (D:8)
  A wraith (D:9)
  A wyvern (D:8)
  A steam dragon (D:8)
  A water moccasin (D:5)
  Duvessa (D:7)
  2 ice beasts (D:8)
  6 orc warriors
  A black bear (D:7)
  2 hornet zombies (D:6)
  A sky beast (D:8)
  4 ogres
  2 centaurs
  2 lemures (D:4)
  2 kobold brigands
  A bullfrog (D:8)
  A wyvern zombie (D:6)
  A necrophage (D:6)
  A wight (D:9)
  Dowan (D:7)
  11 killer bees (D:8)
  A howler monkey (D:9)
  An electric eel (D:8)
  A bullfrog zombie (D:6)
  2 centaur zombies (D:6)
  2 orc priests
  4 jellies
  Terence (D:2)
  4 iguanas
  3 orc wizards
  3 centaur simulacra (D:8)
  Robin (D:2)
  5 adders
  3 gnolls (D:6)
  4 white imps
  A howler monkey simulacrum (D:8)
  5 ufetubi (D:8)
  4 worms
  4 dart slugs
  42 orcs
  5 ball pythons
  7 endoplasms
  3 giant cockroaches
  9 goblins
  13 hobgoblins
  7 jackals
  22 kobolds
  7 quokkas
  7 bats
  4 frilled lizards
  3 rats
232 creatures vanquished.

Vanquished Creatures (others)
  29 fulminant prisms
  12 plants
  3 toadstools (D:1)
44 creatures vanquished.

Grand Total: 276 creatures vanquished

Notes
Turn   | Place    | Note
-------+----------+-------------------------------------------
     0 | D:1      | lorenzova the Deep Elf Conjurer began the quest for the
                  | Orb.
     0 | D:1      | Reached XP level 1. HP: 10/10 MP: 6/6
   147 | D:1      | Found a faded altar of an unknown god.
   154 | D:1      | Reached XP level 2. HP: 14/15 MP: 1/8
   217 | D:1      | Learned a level 2 spell: Searing Ray
  1496 | D:2      | Reached skill level 4 in Spellcasting
  1498 | D:2      | Reached skill level 5 in Conjurations
  1498 | D:2      | Reached XP level 3. HP: 11/19 MP: 3/10
  1600 | D:2      | Noticed Robin
  1609 | D:2      | Killed Robin
  1632 | D:2      | Noticed Sigmund
  1798 | D:2      | Noticed Terence
  1806 | D:2      | Killed Terence
  1807 | D:2      | Reached XP level 4. HP: 18/24 MP: 1/12
  2129 | D:2      | Reached skill level 5 in Spellcasting
  2319 | D:2      | Got Vuucs's Cyclopedia of the Sixty-Six Wonders
  3339 | D:3      | Found a shimmering blue altar of Sif Muna.
  3761 | D:3      | Reached XP level 5. HP: 28/28 MP: 6/15
  4501 | D:4      | Found a staircase to the Ecumenical Temple.
  4520 | D:4      | Noticed an ogre
  4561 | D:4      | Killed an ogre
  4562 | D:4      | Reached skill level 6 in Spellcasting
  4562 | D:4      | Reached XP level 6. HP: 32/32 MP: 11/17
  4636 | Temple   | Entered the Ecumenical Temple
  5452 | D:4      | Learned a level 4 spell: Iskenderun's Mystic Blast
  5457 | D:4      | Learned a level 4 spell: Fulminant Prism
  5661 | D:5      | Entered Level 5 of the Dungeon
  5694 | D:5      | Reached skill level 7 in Spellcasting
  5694 | D:5      | Reached skill level 1 in Hexes
  5744 | D:5      | Found a hide-covered altar of Uskayaw.
  5744 | D:5      | Noticed a +0 short sword
  5744 | D:5      | Noticed a +0 spear
  5745 | D:5      | Noticed a +0 falchion
  5745 | D:5      | Noticed a +0 dagger
  5745 | D:5      | Noticed a +0 short sword
  5746 | D:5      | Noticed a +0 dagger
  5746 | D:5      | Noticed a +0 falchion
  5747 | D:5      | Noticed a +0 spear
  5780 | D:5      | Reached skill level 1 in Translocations
  5780 | D:5      | Reached XP level 7. HP: 36/36 MP: 5/19
  6286 | D:5      | Found a glowing golden altar of the Shining One.
  6684 | D:6      | Found an opulent altar of Gozag.
  6752 | D:6      | Reached skill level 8 in Spellcasting
  7007 | D:6      | Learned a level 4 spell: Sticky Flame
  7188 | D:6      | Reached skill level 1 in Fire Magic
  7188 | D:6      | Reached XP level 8. HP: 41/41 MP: 16/22
  7244 | D:6      | Found an ornate altar of the Wu Jian Council.
  7287 | D:6      | Found a basalt altar of Yredelemnul.
  8469 | D:6      | Noticed a boulder beetle
  8984 | D:2      | Killed Sigmund
  8985 | D:2      | Reached skill level 9 in Spellcasting
  9338 | D:7      | Noticed Duvessa
  9339 | D:7      | Noticed Dowan
  9357 | D:7      | Killed Duvessa
  9357 | D:7      | Killed Dowan
  9664 | D:7      | Found a radiant altar of Vehumet.
  9866 | D:7      | Became a worshipper of Vehumet
 10056 | D:7      | Found a broken altar of Ashenzari.
 10281 | D:7      | Found an iron altar of Okawaru.
 10670 | D:8      | Reached XP level 9. HP: 24/45 MP: 21/24
 11089 | D:8      | Reached skill level 10 in Spellcasting
 11440 | D:8      | Reached skill level 5 in Hexes
 11442 | D:8      | Noticed a polar bear
 11453 | D:8      | Reached skill level 5 in Fire Magic
 11453 | D:8      | Reached * piety under Vehumet
 11453 | D:8      | Offered knowledge of Freeze by Vehumet.
 11456 | D:8      | Found a stormy altar of Qazlal.
 11458 | D:8      | Killed a polar bear
 11639 | D:8      | Found Zati Uje's Weapon Shop.
 12287 | D:9      | Reached skill level 11 in Spellcasting
 12287 | D:9      | Reached skill level 10 in Conjurations
 12287 | D:9      | Reached XP level 10. HP: 35/50 MP: 26/27
 12381 | D:9      | Found a flagged portal.
 12413 | Bailey   | Entered a bailey
 12437 | Bailey   | Reached ** piety under Vehumet
 12437 | Bailey   | Offered knowledge of Poisonous Vapours by Vehumet.
 12704 | Bailey   | Reached skill level 5 in Translocations
 13016 | Bailey   | Noticed an orc knight
 13027 | Bailey   | Killed an orc knight
 13309 | D:9      | Found a staircase to the Lair.
 13334 | D:9      | Offered knowledge of Frozen Ramparts by Vehumet.
 13343 | D:9      | Found Ixeedic's Specific Store.
 13397 | D:9      | Found Gimiepor's General Store.
 13408 | D:9      | Bought a potion of flight for 36 gold pieces
 13408 | D:9      | Bought a scroll of blinking for 90 gold pieces
 13593 | D:3      | Got Sif Muna's Volume of Malignant Magic
 13614 | D:4      | Noticed Pikel
 13622 | D:4      | Killed Pikel
 13892 | D:9      | Noticed a six-headed hydra
 13892 | D:9      | Noticed a boulder beetle
 13909 | D:9      | Reached skill level 12 in Spellcasting
 13916 | D:9      | HP: 2/50 [six-headed hydra (9)]
 14165 | D:9      | HP: 2/50 [centaur/arrow (13)]
 14165 | D:9      | Shot with an arrow by a centaur

Illustrated notes

Levels and vault maps discovered:
D:1:      eino_arrival_water_star, layout_basic,
          hellmonk_ecumenical_altar_dog_temple, serial_forest,
          infiniplex_forest_clump_diagonal, infiniplex_forest_zigzag_1,
          infiniplex_forest_straight_5, infiniplex_forest_lined_2,
          infiniplex_forest_lined_1, infiniplex_forest_corner_1,
          infiniplex_forest_lined_room_2, infiniplex_forest_clump_double,
          infiniplex_forest_split, minmay_gold_behind_fungi
D:2:      layout_loops_corners, uniq_robin, uniq_terence, uniq_sigmund
D:3:      layout_loops_ring, led_sif_book, eino_curves_03,
          minmay_misc_feat_enclosed
D:4:      layout_gridville, minmay_temple_entry_sparse_star,
          corexii_leaking_fountain, uniq_pikel
D:5:      layout_loops_ring, nicolae_uskayaw_en_pointe, old_standard_altar
D:6:      layout_loops_ring, nicolae_yredelemnul_corpse_copse,
          nicolae_gozag_cash_rules_everything_around_me,
          nzn_wu_jian_council_hall
D:7:      layout_basic, mainiacjoe_overflow_alcove_2, okawaru_trees_2,
          lemuel_tele_altar, uniq_duvessa
D:8:      layout_basic, mainiacjoe_overflow_cross_hatched, serial_shops,
          nicolae_shop_bloodbath_and_beyond, serial_ice, serial_ice_b,
          serial_ice_i, serial_ice_d, serial_ice_c, serial_ice_n, serial_ice_e,
          nicolae_elevator_lobby_asterisk
D:9:      minmay_the_grid_net [minmay_the_grid_empty, minmay_the_grid_tree,
          minmay_the_grid_doors, minmay_the_grid_spin_star,
          minmay_the_grid_medium_cups, minmay_the_grid_prize_shrinking_boxes],
          layout_irregular_city, mainiacjoe_overflow_paths,
          mainiacjoe_overflow_catwalk, dpeg_oklobed_lair, enter_bailey_4,
          nicolae_specific_store
Temple:   hellmonk_temple_rainy

Skill      XL: |  1  2  3  4  5  6  7  8  9 10 |
---------------+-------------------------------+-----
Spellcasting   | 4 5 6 7 8 9 11 12 | 12.2
Conjurations   | 5 6 7 8 10 11 | 11.0
Hexes          | 1 3 4 5 6 |  6.0
Translocations | 1 2 3 4 5 |  5.8
Fire Magic     | 1 4 6 7 |  7.7
Dodging        | |  2.4
Stealth        | |  2.4

Action                   |  1- 3 |  4- 6 |  7- 9 | 10-12 || total
-------------------------+-------+-------+-------+-------++-------
Melee: Short sword       |       |       |    36 |     2 ||    38
 Cast: Magic Dart        |    55 |   154 |    73 |    54 ||   336
       Searing Ray       |     5 |     6 |    32 |     2 ||    45
       Fulminant Prism   |       |       |     9 |    20 ||    29
       Iskenderun's Myst |       |       |    24 |    32 ||    56
       Sticky Flame      |       |       |    10 |     7 ||    17
  Use: Scroll            |       |     4 |    11 |     1 ||    16
       Potion            |       |       |       |     1 ||     1
 Stab: Sleeping          |       |       |     1 |       ||     1
Armor: Robe              |     6 |     4 |    22 |       ||    32
       Steam dragon scal |       |       |       |     9 ||     9
Dodge: Dodged            |    13 |    19 |    79 |    20 ||   131

Table legend: (Time is in decaauts)
 A = Elapsed time spent in this place.
 B = Non-inter-level travel time spent in this place.
 C = Inter-level travel time spent in this place.
 D = Time resting spent in this place.
 E = Time spent auto-exploring this place.
 F = Levels seen in this place.
 G = Mean time per level.
                   A        B        C        D        E       F      G
               +--------+--------+--------+--------+--------+-----+--------+
         Total |  14176 |  12810 |   1366 |   5733 |   5336 |  11 | 1288.7 |
       Dungeon |  13370 |  12017 |   1353 |   5198 |   5288 |   9 | 1485.6 |
        Temple |     27 |     14 |     13 |      0 |     10 |   1 |   27.0 |
        Bailey |    778 |    778 |      0 |    535 |     38 |   1 |  778.0 |
               +--------+--------+--------+--------+--------+-----+--------+

Top non-repeatable levels by time:
     D:6: 1965 daAuts
     D:2: 1942 daAuts
     D:8: 1912 daAuts
     D:3: 1621 daAuts
     D:7: 1560 daAuts
     D:1: 1391 daAuts
     D:4: 1243 daAuts
     D:5: 1227 daAuts
  Bailey: 778 daAuts
     D:9: 504 daAuts
  Temple: 27 daAuts
